 Dungeon Crawl Stone Soup version 0.23.2-1-ga50397a6bc (webtiles) character file.

Game seed: 11783838899220105670

263 MachJacob the Stinger (level 6, 0/41 HPs)
             Began as a Merfolk Venom Mage on Apr 17, 2019.
             Was an Initiate of Sif Muna.
             Slain by a vampire bat (3 damage)
             ... on level 3 of the Dungeon.
             The game lasted 00:20:42 (4254 turns).

MachJacob the Stinger (Merfolk Venom Mage)          Turns: 4254, Time: 00:20:42

Health: 0/41       AC:  2    Str:  9    XL:     6   Next: 19%
Magic:  10/10      EV: 14    Int: 16    God:    Sif Muna [......]
Gold:   254        SH:  0    Dex: 14    Spells: 10/11 levels left

rFire    . . .     SeeInvis .   (no weapon)
rCold    + . .     Gourm    .   (no shield)
rNeg     . . .     Faith    .   a - +0 robe
rPois    .         Spirit   .   (no helmet)
rElec    .         Reflect  .   (no cloak)
rCorr    .         Harm     .   (no gloves)
MR       .....                  (no boots)
Stlth    ++........             (no amulet)
HPRegen  0.13/turn              j - ring of protection from cold
MPRegen  0.12/turn              (no ring)

@: very slightly contaminated
A: change form in water, swift swim, stealthy swim
a: Renounce Religion


You were on level 3 of the Dungeon.
You worshipped Sif Muna.
Sif Muna was noncommittal.
You were hungry.

You visited 1 branch of the dungeon, and saw 3 of its levels.

You collected 254 gold pieces.

Inventory:

Armour
 a - a +0 robe (worn)
Jewellery
 j - a ring of protection from cold (left hand)
 k - an uncursed ring of resist corrosion {unknown}
 n - an uncursed amulet of regeneration {unknown}
 o - an uncursed ring of protection from fire {unknown}
Scrolls
 b - a scroll of identify
 d - 2 scrolls of enchant armour {unknown}
 e - a scroll of teleportation {unknown}
 i - a scroll of immolation {unknown}
 m - a scroll of enchant weapon {unknown}
 q - a scroll of remove curse {unknown}
Potions
 f - a potion of ambrosia {unknown}
 g - a potion of invisibility
 h - a potion of lignification {unknown}
 l - a potion of brilliance {unknown}
Comestibles
 c - 4 rations


   Skills:
 + Level 4.2 Dodging
 + Level 3.5 Stealth
 + Level 3.0 Spellcasting
 + Level 2.0 Conjurations
 * Level 4.9 Poison Magic


You had 10 spell levels left.
You knew the following spells:

 Your Spells              Type           Power        Failure   Level  Hunger
a - Sting                 Conj/Pois      ##..         4%          1    #......

Your spell library contained the following spells:

 Spells                   Type           Power        Failure   Level  Hunger
 Poisonous Vapours        Pois/Air       ##....       11%         2    ##.....
 Mephitic Cloud           Conj/Pois/Air  #.......     22%         3    ###....
 Olgreb's Toxic Radiance  Pois           ###.....     24%         4    #####..
 Venom Bolt               Conj/Pois      ##........   77%         5    ######.


Dungeon Overview and Level Annotations

Branches:
Dungeon (3/15)

Altars:
Fedhas
Ru
Sif Muna
Yredelemnul


Message History

You flicker for a moment.
The vampire bat bites you.
* * * LOW HITPOINT WARNING * * *
The vampire bat draws strength from your injuries!
The vampire bat barely misses you.
You closely miss the vampire bat.
The vampire bat bites you but does no damage.
The vampire bat completely misses you.
You hit the vampire bat but do no damage.
The vampire bat barely misses you.
You flicker back into view.
You hit the vampire bat.
The vampire bat is moderately damaged.
The vampire bat bites you.
* * * LOW HITPOINT WARNING * * *
The vampire bat draws strength from your injuries!
You hit the vampire bat but do no damage.
The vampire bat is moderately damaged.
The vampire bat bites you.
You die...

######## ###..@b..#
##...####.##
##..#######.# #..##
#..##.# .#
#.#######...# #.
#.##...#...## #.##
#########.#####.##.#
.b.# #.........#
##.###.## #..Z#
#.......###
#(..###.##...#


You could see a vampire bat.

Vanquished Creatures
  Natasha (thrice) (D:2)
  5 adders
  A worm (D:3)
  7 dart slugs
  A fire bat (D:3)
  A leopard gecko (D:3)
  3 bat skeletons (D:3)
  2 goblins
  2 hobgoblins
  11 jackals
  7 kobolds
  2 ball pythons (D:3)
  16 bats
  3 frilled lizards
  8 rats
72 creatures vanquished.

Notes
Turn   | Place    | Note
-------+----------+-------------------------------------------
     0 | D:1      | MachJacob the Merfolk Venom Mage began the quest for the
                  | Orb.
     0 | D:1      | Reached XP level 1. HP: 13/13 MP: 3/3
   335 | D:1      | Reached skill level 1 in Conjurations
   335 | D:1      | Reached XP level 2. HP: 16/19 MP: 1/5
  1094 | D:1      | Reached XP level 3. HP: 14/24 MP: 0/6
  1668 | D:2      | Found a blossoming altar of Fedhas.
  2064 | D:2      | Found a basalt altar of Yredelemnul.
  2068 | D:2      | Found a sacrificial altar of Ru.
  2077 | D:2      | Reached XP level 4. HP: 30/30 MP: 3/7
  2167 | D:2      | Noticed Natasha
  2174 | D:2      | Killed Natasha
  2556 | D:2      | Noticed Natasha
  2569 | D:2      | Killed Natasha
  2569 | D:2      | Reached XP level 5. HP: 17/35 MP: 0/8
  2722 | D:2      | Noticed Natasha
  2727 | D:2      | Killed Natasha
  3016 | D:2      | Found a deep blue altar of Sif Muna.
  3019 | D:2      | Became a worshipper of Sif Muna the Loreminder
  3742 | D:3      | Reached XP level 6. HP: 40/41 MP: 0/10
  4252 | D:3      | HP: 2/41 [vampire bat (1)]
  4254 | D:3      | Slain by a vampire bat

Skill      XL: |  1  2  3  4  5  6 |
---------------+-------------------+-----
Conjurations   | 1 2 |  2.0
Dodging        | 3 4 |  4.2
Poison Magic   | 4 |  4.9
Stealth        | 3 |  3.5
Spellcasting   | 3 |  3.0

Action                   |  1- 3 |  4- 6 || total
-------------------------+-------+-------++-------
Melee: Unarmed           |    62 |   137 ||   199
 Cast: Sting             |    75 |   103 ||   178
  Use: Potion            |     1 |     4 ||     5
       Scroll            |       |     1 ||     1
 Stab: Invisible         |       |     2 ||     2
  Eat: Chunk             |     5 |     7 ||    12
Armor: Robe              |    31 |    50 ||    81
Dodge: Dodged            |    78 |   216 ||   294
